 Dungeon Crawl Stone Soup version 0.20-b1-12-g5827e59 (webtiles) character file.

2524 LORDOFBUTT the Cleaver (level 9, -6/79 HPs)
             Began as a Minotaur Berserker on May 23, 2017.
             Was an Elder of Trog.
             Mangled by a two-headed ogre
             ... wielding a +0 giant club
              (23 damage)
             ... on level 8 of the Dungeon.
             The game lasted 00:05:59 (4012 turns).

LORDOFBUTT the Cleaver (Minotaur Berserker)         Turns: 4012, Time: 00:06:00

Health: -6/79      AC:  2    Str: 25    XL:     9   Next: 29%
Magic:  8/8        EV: 19    Int:  4    God:    Trog [****..]
Gold:   34         SH:  0    Dex: 10    Spells: 8/8 levels left

rFire    + . .     SeeInvis .   g - +6 broad axe of Fuseann {venom, rElec rF+}
rCold    . . .     Gourm    .   (no shield)
rNeg     . . .     Faith    .   b - +0 animal skin
rPois    +         Spirit   .   (helmet restricted)
rElec    +         Reflect  .   (no cloak)
rCorr    .         Harm     .   (no gloves)
MR       .....                  (no boots)
Stlth    +.........             (no amulet)
Regen    0.3/turn               l - +3 ring of evasion
MPRegen  0.2/turn               v - ring of poison resistance

@: slowed, very slow
A: retaliatory headbutt, horns 2
a: Berserk, Trog's Hand, Brothers in Arms, Burn Spellbooks, Renounce Religion


You were on level 8 of the Dungeon.
You worshipped Trog.
Trog was greatly pleased with you.
You were hungry.

You visited 1 branch of the dungeon, and saw 6 of its levels.

You collected 250 gold pieces.
You spent 216 gold pieces at shops.

Inventory:

Hand Weapons
 g - the +6 broad axe of Fuseann (weapon) {venom, rElec rF+}
   (You bought it in a shop on level 4 of the Dungeon)

   It poisons the flesh of those it strikes.
   It protects you from fire.
   It insulates you from electricity.
Armour
 b - a +0 animal skin (worn)
Jewellery
 l - a +3 ring of evasion (left hand)
 t - an uncursed amulet of harm
 v - a ring of poison resistance (right hand)
Scrolls
 d - 2 scrolls of magic mapping
 e - a scroll of immolation {unknown}
 f - 5 scrolls of remove curse
 i - 3 scrolls of amnesia
 n - a scroll of fog
 q - 3 scrolls of teleportation
 r - 2 scrolls of identify
 s - a scroll of enchant armour {unknown}
 u - a scroll of recharging {unknown}
Potions
 a - a potion of berserk rage {unknown}
 h - a potion of might
 j - 2 potions of lignification
 o - 2 potions of flight
 p - 6 potions of curing
 w - a potion of agility {unknown}
Comestibles
 c - 2 bread rations
 k - 2 meat rations
 m - a chunk of flesh


   Skills:
 + Level 7.5 Fighting
 * Level 10.2 Axes
 - Level 2.4 Armour
 * Level 9.1 Dodging


You had 8 spell levels left.
You didn't know any spells.

Dungeon Overview and Level Annotations

Branches:
Dungeon (5/15)             Temple (0/1) D:4

Altars:
Ashenzari
Kikubaaqudgha
Makhleb
Sif Muna
Trog

Shops:
D:4 =[(?


Innate Abilities, Weirdness & Mutations

You reflexively headbutt those who attack you in melee.
You have a pair of horns on your head.


Message History

The two-headed ogre closely misses you. The crimson imp hits you with a dagger.
You closely miss the crimson imp.
The crimson imp is heavily wounded.
You barely miss the two-headed ogre.
The two-headed ogre closely misses you. x2
The crimson imp barely misses you. You furiously retaliate!
You headbutt the crimson imp.
The crimson imp hits you but does no damage.
The two-headed ogre hits you with a giant club!
The two-headed ogre hits you with a giant club!!
* * * LOW HITPOINT WARNING * * *
You are too injured to fight recklessly!
You are too injured to fight recklessly!
Unknown command.
Okay, then.
As you read the scroll labeled GUYXARHO FIJE, it crumbles to dust.
The scroll dissolves into smoke.
It was a scroll of fog.
The crimson imp hits you with a dagger.
* * * LOW HITPOINT WARNING * * *
The two-headed ogre hits you with a giant club!!
You die...

#.# #.# #....#
#.. #.# #...##
#.##.###.###
#....#...#
#.#.#.### #
##.)†..#
...#.§))#######
......§§§......
...#.#§@§§#####
.. #.#§O5§# .
#.§....#
###.#### .. .#.
.#) . #)


You could see a two-headed ogre and a crimson imp.

Vanquished Creatures
  A two-headed ogre (D:8)
  A hippogriff (D:8)
  Sigmund (D:3)
  2 hungry ghosts (D:8)
  An ice beast (D:8)
  A sky beast (D:8)
  A phantom (D:8)
  2 ogres (D:8)
  A bullfrog (D:8)
  2 scorpions (D:8)
  5 wights (D:8)
  An orc priest (D:4)
  A hound (D:8)
  A gnoll shaman (D:8)
  An orc wizard (D:4)
  2 worker ants
  7 gnolls
  7 adders
  2 oozes
  8 worms
  5 dart slugs
  5 leopard geckos
  13 orcs (D:4)
  7 bats
  3 giant cockroaches
  9 goblins
  10 hobgoblins
  7 jackals
  13 kobolds
  A quokka (D:4)
  8 frilled lizards
  A jackal skeleton (D:8)
  12 rats
142 creatures vanquished.

Vanquished Creatures (others)
  A plant (D:3)
1 creature vanquished.

Grand Total: 143 creatures vanquished

Notes
Turn   | Place    | Note
-------+----------+-------------------------------------------
     0 | D:1      | LORDOFBUTT the Minotaur Berserker began the quest for the Orb.
     0 | D:1      | Reached XP level 1. HP: 19/19 MP: 0/0
    83 | D:1      | Reached skill level 4 in Axes
    93 | D:1      | Reached XP level 2. HP: 16/27 MP: 1/1
   122 | D:1      | HP: 1/27 [goblin/club (5)]
   500 | D:1      | Reached ** piety under Trog
   504 | D:1      | Reached XP level 3. HP: 28/33 MP: 2/2
   849 | D:2      | Reached skill level 5 in Axes
  1013 | D:2      | Reached XP level 4. HP: 23/40 MP: 3/3
  1438 | D:2      | Reached *** piety under Trog
  1438 | D:2      | Reached XP level 5. HP: 47/47 MP: 4/4
  1685 | D:3      | Found a shattered altar of Ashenzari.
  1767 | D:3      | Found a deep blue altar of Sif Muna.
  1769 | D:3      | Found an ancient bone altar of Kikubaaqudgha.
  1769 | D:3      | Found a burning altar of Makhleb.
  2009 | D:3      | Noticed Sigmund
  2019 | D:3      | Killed Sigmund
  2019 | D:3      | Reached skill level 6 in Axes
  2019 | D:3      | Reached XP level 6. HP: 36/55 MP: 5/5
  2184 | D:3      | Found a bloodstained altar of Trog.
  2518 | D:4      | Reached skill level 5 in Dodging
  2528 | D:4      | Reached **** piety under Trog
  2644 | D:4      | Reached skill level 5 in Fighting
  2649 | D:4      | Found a staircase to the Ecumenical Temple.
  2868 | D:4      | Found Cigeycs's Magic Scroll Boutique.
  2872 | D:4      | Found Kickuse's Armour Boutique.
  2872 | D:4      | Found Tokaf's Jewellery Boutique.
  2873 | D:4      | Found Teup's Antique Weapon Boutique.
  3457 | D:4      | Bought a sapphire broad axe for 216 gold pieces
  3457 | D:4      | Identified the +6 broad axe of Fuseann {venom, rElec rF+} (You bought it in a shop on level 4 of the Dungeon)
  3483 | D:5      | Entered Level 5 of the Dungeon
  3560 | D:5      | You fall through a shaft for 3 floors!
  3560 | D:8      | Noticed a hippogriff
  3565 | D:8      | Reached XP level 7. HP: 61/61 MP: 6/6
  3570 | D:8      | Killed a hippogriff
  3570 | D:8      | Reached skill level 7 in Axes
  3592 | D:8      | Reached skill level 8 in Axes
  3615 | D:8      | Noticed a hungry ghost
  3616 | D:8      | Reached XP level 8. HP: 17/70 MP: 7/7
  3986 | D:8      | Noticed a two-headed ogre
  3987 | D:8      | Reached skill level 9 in Axes
  3997 | D:8      | Killed a two-headed ogre
  3997 | D:8      | Reached skill level 10 in Axes
  3997 | D:8      | Reached XP level 9. HP: 79/79 MP: 8/8
  4006 | D:8      | Noticed a two-headed ogre
  4012 | D:8      | Mangled by a two-headed ogre

Skill      XL: |  1  2  3  4  5  6  7  8  9 |
---------------+----------------------------+-----
Axes           | 4 5 6 8 10 | 10.2
Fighting       | 4 5 7 |  7.5
Dodging        | 3 4 5 6 8 9 |  9.1
Armour         | |  2.4

Action                   |  1- 3 |  4- 6 |  7- 9 || total
-------------------------+-------+-------+-------++-------
Melee: Hand axe          |    85 |   135 |       ||   220
       Headbutt          |    13 |    22 |    11 ||    46
       Broad axe         |       |     1 |    66 ||    67
Invok: Berserk           |       |     5 |     1 ||     6
  Use: Scroll            |       |     7 |     2 ||     9
       Potion            |       |       |     1 ||     1
  Eat: Chunk             |       |    12 |     2 ||    14
       Bread ration      |       |       |     1 ||     1
Armor: Animal skin       |     6 |    25 |     5 ||    36
Dodge: Dodged            |    42 |   109 |    50 ||   201
